PAA
ASHEVILLE HIGHLANDERS @ NORTHVILLE ECLIPSE
08/25/2029
 
TOP OF THE 1ST
Asheville Highlanders batting - Pitching for Northville Eclipse : RHP Will Sims
Pitching: RHP Will Sims
Batting: RHB Dan Parkinson 0-0: Swinging Strike
0-1: Called Strike
0-2: Ball
1-2: Ball
2-2: Ball
3-2: SINGLE (Line Drive, 7S)
Batting: RHB Esteban Olivo 0-0: Ball
1-0: Called Strike
1-1: Ball
2-1: Swinging Strike
2-2: Grounds into double play, 4-6-3 (Groundball, 34)
Batting: RHB Asko Riikonen 0-0: Foul Ball, location: 2F
0-1: Ball
1-1: Called Strike
1-2: Ball
2-2: Ground out U3 (Groundball, 34S)
Top of the 1st over - 0 runs, 1 hit, 0 errors, 0 left on base; Asheville 0 - Northville 0
BOTTOM OF THE 1ST
Northville Eclipse batting - Pitching for Asheville Highlanders : RHP Danial Apodaca
Pitching: RHP Danial Apodaca
Batting: LHB Darrell Woodmansee 0-0: Called Strike
0-1: Called Strike
0-2: Ball
1-2: Foul Ball, location: 2F
1-2: SINGLE (Flyball, 7LS)
Batting: LHB Octávio Ontiveros 0-0: Called Strike
0-1: Ball
1-1: Called Strike
1-2: Fly out, F7 (Flyball, 7)
Batting: RHB Cosmo Bjorkenheim 0-0: Ball
1-0: Called Strike
Darrell Woodmansee steals 2nd base
1-1: Ball
2-1: Fly out, F8 (Flyball, 8LS)
Batting: LHB Edgardo De Jesús 0-0: Called Strike
0-1: Ball
1-1: Ball
2-1: SINGLE (Groundball, 15S) (infield hit)
Darrell Woodmansee to third
Batting: RHB Augusto Rocha 0-0: Fly out, F8 (Flyball, 8RM)
Bottom of the 1st over - 0 runs, 2 hits, 0 errors, 2 left on base; Asheville 0 - Northville 0
TOP OF THE 2ND
Asheville Highlanders batting - Pitching for Northville Eclipse : RHP Will Sims
Batting: LHB Pedro Gutiérrez 0-0: Called Strike
0-1: Foul Ball, location: 2F
0-2: Strikes out swinging
Batting: RHB Miguel Uribe 0-0: Swinging Strike
0-1: Ball
1-1: Called Strike
1-2: Foul Ball, location: 2F
1-2: Ball
2-2: Hit by Pitch
Batting: RHB Marcos Rico 0-0: Ball
1-0: Ball
Miguel Uribe steals 2nd base
2-0: Ball
3-0: Base on Balls
Batting: LHB Tomás Valenzuela 0-0: Fielders Choice at 2nd, 1-6 (Groundball, 13)
Miguel Uribe to third
Batting: RHB Don Leach 0-0: Foul Ball, location: 2F
0-1: Called Strike
0-2: Ball
1-2: Ball
2-2: Fly out, F5 (Line Drive, 5)
Top of the 2nd over - 0 runs, 0 hits, 0 errors, 2 left on base; Asheville 0 - Northville 0
BOTTOM OF THE 2ND
Northville Eclipse batting - Pitching for Asheville Highlanders : RHP Danial Apodaca
Batting: RHB Alfonso Grappasonni 0-0: SINGLE (Flyball, 78S)
Batting: RHB Luis Guerrero 0-0: Ball
1-0: Called Strike
1-1: Ball
2-1: Called Strike
2-2: Foul Ball, location: 2F
2-2: Ball
3-2: Foul Ball, location: 2F
3-2: SINGLE (Line Drive, 9S)
Alfonso Grappasonni to second
Runner from 2nd tries for 3rd, SAFE, no throw
Batting: SHB Raúl Rodríguez 0-0: Ball
1-0: DOUBLE (Flyball, 8RXD)
Alfonso Grappasonni scores
Luis Guerrero to third
Batting: RHB Scott McMahon 0-0: Ball
1-0: SINGLE (Line Drive, 4MD)
Luis Guerrero scores
Raúl Rodríguez to third
Batting: LHB Darrell Woodmansee 0-0: Ball
1-0: Ball
2-0: Fly out, F8 (Flyball, 8LS)
Runner from 3rd tags up, SCORES, throw made
Batting: LHB Octávio Ontiveros 0-0: Ball
1-0: Ball
2-0: Called Strike
2-1: Fielders Choice at 2nd, 4-6 (Groundball, 4)
Batting: RHB Cosmo Bjorkenheim 0-0: Called Strike
0-1: Foul Ball, location: 2F
0-2: 2-RUN HOME RUN (Flyball, 7LD), Distance : 372 ft
Batting: LHB Edgardo De Jesús 0-0: Foul Ball, location: 2F
0-1: Ball
1-1: Foul Ball, location: 2F
1-2: SINGLE (Line Drive, 34D)
Batting: RHB Augusto Rocha 0-0: Ground out 3-1 (Groundball, 34S)
Bottom of the 2nd over - 5 runs, 6 hits, 0 errors, 1 left on base; Asheville 0 - Northville 5
TOP OF THE 3RD
Asheville Highlanders batting - Pitching for Northville Eclipse : RHP Will Sims
Batting: RHB Víctor Hernández 0-0: Called Strike
0-1: Fly out, F5 (Popup, 5)
Batting: RHB Dan Parkinson 0-0: Ball
1-0: Ball
2-0: Ball
3-0: Called Strike
3-1: Base on Balls
Batting: RHB Esteban Olivo 0-0: Fly out, F6 (Popup, 15S)
Batting: RHB Asko Riikonen 0-0: Called Strike
0-1: Foul Ball, location: 2F
0-2: SINGLE (Line Drive, 56D)
Dan Parkinson to second
Batting: LHB Pedro Gutiérrez 0-0: Called Strike
0-1: Ball
1-1: Fielders Choice at 2nd, 6-4 (Groundball, 6)
Top of the 3rd over - 0 runs, 1 hit, 0 errors, 2 left on base; Asheville 0 - Northville 5
BOTTOM OF THE 3RD
Northville Eclipse batting - Pitching for Asheville Highlanders : RHP Danial Apodaca
Batting: RHB Alfonso Grappasonni 0-0: Called Strike
0-1: Foul Ball, location: 2F
0-2: Foul Ball, location: 2F
0-2: Foul Ball, location: 2F
0-2: Ball
1-2: Foul Ball, location: 2F
1-2: Fly out, F3 (Popup, 23F)
Batting: RHB Luis Guerrero 0-0: Ball
1-0: Fly out, F9 (Flyball, 9S)
Batting: SHB Raúl Rodríguez 0-0: Swinging Strike
0-1: Ball
1-1: Ball
2-1: Swinging Strike
2-2: Ball
3-2: Base on Balls
Pitching: LHP Manabu Kato
Batting: RHB Scott McMahon 0-0: Called Strike
Raúl Rodríguez steals 2nd base
0-1: Ball
1-1: Ball
2-1: Foul Ball, location: 2F
2-2: Strikes out swinging
Bottom of the 3rd over - 0 runs, 0 hits, 0 errors, 1 left on base; Asheville 0 - Northville 5
TOP OF THE 4TH
Asheville Highlanders batting - Pitching for Northville Eclipse : RHP Will Sims
Batting: RHB Miguel Uribe 0-0: Ball
1-0: Called Strike
1-1: Ball
2-1: Swinging Strike
2-2: DOUBLE (Flyball, 8RD)
Batting: RHB Marcos Rico 0-0: Called Strike
0-1: Ball
1-1: Ball
2-1: Foul Ball, location: 2F
2-2: Ball
3-2: Foul Ball, location: 2F
3-2: Strikes out swinging
Batting: LHB Tomás Valenzuela 0-0: Swinging Strike
0-1: Ball
1-1: Foul Ball, location: 2F
1-2: Fly out, F8 (Flyball, 8RS)
Batting: RHB Don Leach 0-0: Swinging Strike
0-1: Swinging Strike
0-2: Fly out, F5 (Line Drive, 56)
Top of the 4th over - 0 runs, 1 hit, 0 errors, 1 left on base; Asheville 0 - Northville 5
BOTTOM OF THE 4TH
Northville Eclipse batting - Pitching for Asheville Highlanders : LHP Manabu Kato
Batting: LHB Darrell Woodmansee 0-0: Ball
1-0: Foul Ball, location: 2F
1-1: Ball
2-1: Ground out 6-3 (Groundball, 6)
Batting: LHB Octávio Ontiveros 0-0: Ground out 6-3 (Groundball, 6M)
Batting: RHB Cosmo Bjorkenheim 0-0: Called Strike
0-1: Ball
1-1: Swinging Strike
1-2: Fly out, F7 (Line Drive, 7D)
Bottom of the 4th over - 0 runs, 0 hits, 0 errors, 0 left on base; Asheville 0 - Northville 5
TOP OF THE 5TH
Asheville Highlanders batting - Pitching for Northville Eclipse : RHP Will Sims
Batting: RHB Víctor Hernández 0-0: Called Strike
0-1: Foul Ball, location: 2F
0-2: Ball
1-2: Ball
2-2: Fly out, F9 (Flyball, 89M)
Batting: RHB Dan Parkinson 0-0: Called Strike
0-1: Ball
1-1: Ball
2-1: Foul Ball, location: 2F
2-2: Foul Ball, location: 2F
2-2: Ground out 6-3 (Groundball, 6M)
Batting: RHB Esteban Olivo 0-0: Ball
1-0: Foul Ball, location: 2F
1-1: Ground out 4-3 (Groundball, 4)
Top of the 5th over - 0 runs, 0 hits, 0 errors, 0 left on base; Asheville 0 - Northville 5
BOTTOM OF THE 5TH
Northville Eclipse batting - Pitching for Asheville Highlanders : LHP Manabu Kato
Batting: LHB Edgardo De Jesús 0-0: Ball
1-0: DOUBLE (Line Drive, 9LS)
Batting: RHB Augusto Rocha 0-0: Ball
Edgardo De Jesús is caught stealing 3rd base
1-0: Called Strike
1-1: Ball
2-1: Foul Ball, location: 2F
2-2: Ball
3-2: Fly out, F8 (Flyball, 8RS)
Batting: RHB Alfonso Grappasonni 0-0: Ball
1-0: Ball
2-0: Ball
3-0: Called Strike
3-1: Base on Balls
Batting: RHB Luis Guerrero 0-0: Called Strike
0-1: Foul Ball, location: 2F
0-2: Strikes out swinging
Bottom of the 5th over - 0 runs, 1 hit, 0 errors, 1 left on base; Asheville 0 - Northville 5
TOP OF THE 6TH
Asheville Highlanders batting - Pitching for Northville Eclipse : RHP Will Sims
Batting: RHB Asko Riikonen 0-0: Called Strike
0-1: Ball
1-1: Foul Ball, location: 2F
1-2: Ball
2-2: Foul Ball, location: 2F
2-2: Foul Ball, location: 2F
2-2: SOLO HOME RUN (Flyball, 9LD), Distance : 368 ft
Batting: LHB Pedro Gutiérrez 0-0: Called Strike
0-1: Ball
1-1: Ball
2-1: Ball
3-1: Fly out, F8 (Flyball, 8LM)
Batting: RHB Miguel Uribe 0-0: Hit by Pitch
Batting: RHB Marcos Rico 0-0: Called Strike
0-1: Foul Ball, location: 2F
0-2: Ball
1-2: Ball
2-2: Strikes out swinging
Batting: LHB Tomás Valenzuela 0-0: Ball
1-0: Ball
Miguel Uribe steals 2nd base
2-0: Ball
3-0: Base on Balls
Pitching: RHP Kyle MacRae
Batting: RHB Don Leach 0-0: Swinging Strike
0-1: Ball
1-1: Ball
2-1: Swinging Strike
2-2: Foul Ball, location: 2F
2-2: Ball
3-2: Strikes out swinging
Top of the 6th over - 1 run, 1 hit, 0 errors, 2 left on base; Asheville 1 - Northville 5
BOTTOM OF THE 6TH
Northville Eclipse batting - Pitching for Asheville Highlanders : LHP Manabu Kato
Batting: SHB Raúl Rodríguez 0-0: Ball
1-0: Called Strike
1-1: Fly out, F7 (Flyball, 7S)
Batting: RHB Scott McMahon 0-0: Ball
1-0: Called Strike
1-1: Foul Ball, location: 2F
1-2: Ball
2-2: Foul Ball, location: 2F
2-2: Foul Ball, location: 2F
2-2: Strikes out swinging, 2-3 out at first.
Pitching: LHP Ordono Lima
Batting: LHB Darrell Woodmansee 0-0: Ball
1-0: Ball
2-0: Foul Ball, location: 2F
2-1: Ball
3-1: Base on Balls
Batting: LHB Octávio Ontiveros 0-0: Called Strike
Darrell Woodmansee steals 2nd base
0-1: Called Strike
0-2: Ball
1-2: Ball
2-2: Ground out 5-3 (Groundball, 56S)
Bottom of the 6th over - 0 runs, 0 hits, 0 errors, 1 left on base; Asheville 1 - Northville 5
TOP OF THE 7TH
Asheville Highlanders batting - Pitching for Northville Eclipse : RHP Kyle MacRae
Batting: RHB Víctor Hernández 0-0: Ball
1-0: Ball
2-0: Foul Ball, location: 2F
2-1: Foul Ball, location: 2F
2-2: Foul Ball, location: 2F
2-2: Ball
3-2: Base on Balls
Batting: RHB Dan Parkinson 0-0: Called Strike
0-1: Fly out, F7 (Flyball, 7S)
Batting: RHB Esteban Olivo 0-0: SINGLE (Groundball, 6MD)
Víctor Hernández to second
Runner from 2nd tries for 3rd, SAFE, no throw
Batting: RHB Asko Riikonen 0-0: Swinging Strike
0-1: Ball
1-1: Called Strike
Esteban Olivo steals 2nd base
1-2: Ball
2-2: Foul Ball, location: 2F
2-2: Strikes out looking
Batting: LHB Pedro Gutiérrez 0-0: Ball
1-0: Ball
2-0: Ball
3-0: Called Strike
3-1: Fly out, F4 (Line Drive, 4MD)
Top of the 7th over - 0 runs, 1 hit, 0 errors, 2 left on base; Asheville 1 - Northville 5
BOTTOM OF THE 7TH
Northville Eclipse batting - Pitching for Asheville Highlanders : LHP Ordono Lima
Batting: RHB Cosmo Bjorkenheim 0-0: Ball
1-0: Ball
2-0: Ball
3-0: Called Strike
3-1: Called Strike
3-2: Base on Balls
Batting: LHB Edgardo De Jesús 0-0: Ball
1-0: Ball
2-0: Foul Ball, location: 2F
2-1: Ball
3-1: Base on Balls
Cosmo Bjorkenheim to second
Batting: RHB Augusto Rocha 0-0: Ball
1-0: Ball
2-0: Foul Ball, location: 2F
2-1: Foul Ball, location: 2F
2-2: SINGLE (Groundball, 56D)
Cosmo Bjorkenheim to third
Edgardo De Jesús to second
Batting: RHB Alfonso Grappasonni 0-0: Ball
1-0: Fly out, F8 (Flyball, 8RS)
Batting: RHB Luis Guerrero 0-0: Ball
1-0: Called Strike
1-1: Ball
2-1: Ball
3-1: Foul Ball, location: 2F
3-2: Foul Ball, location: 2F
3-2: Foul Ball, location: 2F
3-2: Foul Ball, location: 2F
3-2: Base on Balls
Cosmo Bjorkenheim scores
Edgardo De Jesús to third
Augusto Rocha to second
Batting: SHB Raúl Rodríguez 0-0: Called Strike
0-1: Fly out, F8 (Flyball, 78D)
Runner from 3rd tags up, SCORES, no throw
Batting: RHB Scott McMahon 0-0: Called Strike
0-1: Ball
1-1: Swinging Strike
1-2: Ball
2-2: Ground out 4-3 (Groundball, 4)
Bottom of the 7th over - 2 runs, 1 hit, 0 errors, 2 left on base; Asheville 1 - Northville 7
TOP OF THE 8TH
Asheville Highlanders batting - Pitching for Northville Eclipse : RHP Kyle MacRae
Batting: RHB Miguel Uribe 0-0: Ball
1-0: Called Strike
1-1: Foul Ball, location: 2F
1-2: Ball
2-2: Ground out 3-1 (Groundball, 34S)
Batting: RHB Marcos Rico 0-0: Ball
1-0: Called Strike
1-1: Foul Ball, location: 2F
1-2: SINGLE (Groundball, 34D)
Batting: LHB Tomás Valenzuela 0-0: Ball
1-0: Ball
2-0: Ball
3-0: Swinging Strike
3-1: Foul Ball, location: 2F
3-2: Foul Ball, location: 2F
3-2: Strikes out swinging
Batting: RHB Don Leach 0-0: Ball
1-0: Called Strike
1-1: Ball
2-1: SINGLE (Groundball, 56D)
Marcos Rico to second
Batting: RHB Víctor Hernández 0-0: Called Strike
0-1: Ball
1-1: Swinging Strike
1-2: SINGLE (Flyball, 7LS)
Marcos Rico to third
Don Leach to second
Runner from 3rd tries for Home, SAFE, no throw
Batting: RHB Dan Parkinson 0-0: Called Strike
0-1: Called Strike
0-2: Ball
1-2: Foul Ball, location: 2F
1-2: Strikes out swinging
Top of the 8th over - 1 run, 3 hits, 0 errors, 2 left on base; Asheville 2 - Northville 7
BOTTOM OF THE 8TH
Northville Eclipse batting - Pitching for Asheville Highlanders : LHP Ordono Lima
Pitching: LHP José Fuentes
Batting: LHB Darrell Woodmansee 0-0: Foul Ball, location: 2F
0-1: Ball
1-1: SINGLE (Line Drive, 89M)
Batting: LHB Octávio Ontiveros 0-0: Called Strike
0-1: Fielders Choice at 2nd, 4-6 (Groundball, 4)
Batting: RHB Cosmo Bjorkenheim 0-0: Called Strike
0-1: Fly out, F7 (Flyball, 78M)
Batting: LHB Edgardo De Jesús 0-0: Ball
1-0: Ball
2-0: Ball
3-0: Called Strike
3-1: Swinging Strike
3-2: Foul Ball, location: 2F
3-2: SINGLE (Flyball, 8RS)
Octávio Ontiveros to second
Octávio Ontiveros to third
Batting: RHB Augusto Rocha 0-0: Ball
1-0: Ball
2-0: Ball
3-0: Base on Balls
Edgardo De Jesús to second
Batting: RHB Alfonso Grappasonni 0-0: Swinging Strike
0-1: Ball
1-1: Ball
2-1: Ball
3-1: Called Strike
3-2: Ground out 6-3 (Groundball, 6)
Bottom of the 8th over - 0 runs, 2 hits, 0 errors, 3 left on base; Asheville 2 - Northville 7
TOP OF THE 9TH
Asheville Highlanders batting - Pitching for Northville Eclipse : RHP Kyle MacRae
Batting: RHB Esteban Olivo 0-0: Called Strike
0-1: Swinging Strike
0-2: Hit by Pitch
Batting: RHB Asko Riikonen 0-0: Ball
1-0: Ball
2-0: Called Strike
2-1: Fielders Choice at 2nd, 5-4 (Groundball, 5L)
Pitching: RHP Ricardo Ramírez
Batting: LHB Pedro Gutiérrez 0-0: Foul Ball, location: 2F
0-1: Ball
1-1: Called Strike
1-2: Foul Ball, location: 2F
1-2: Strikes out swinging
Batting: RHB Miguel Uribe 0-0: Called Strike
0-1: Foul Ball, location: 2F
0-2: Strikes out looking
Top of the 9th over - 0 runs, 0 hits, 0 errors, 1 left on base; Asheville 2 - Northville 7
Tuesday, December 19th, 2017 - OOTP Baseball 18.8 Build 76